 Dungeon Crawl Stone Soup version 0.29.1-13-g9f3cf754e1 (webtiles) character file.

Game seed: 9849294118666132221

14 Atelerd the Digger (level 2, 0/17 HPs)
             Began as an Octopode Earth Elementalist on Feb 2, 2023.
             Slain by a jackal (1 damage)
             ... on level 1 of the Dungeon.
             The game lasted 00:00:40 (510 turns).

Atelerd the Digger (Octopode Earth Elementalist)     Turns: 510, Time: 00:00:40

Health: 0/17       AC:  1    Str:  4 (7)  XL:     2   Next: 45%
Magic:  0/5        EV: 13    Int: 16 (17) God:
Gold:   51         SH:  0    Dex: 10 (12) Spells: 4/5 levels left

rFire   . . .      SeeInvis .   g - +0 short sword
rCold   . . .      Faith    .   (no shield)
rNeg    . . .      Spirit   .   (helmet restricted)
rPois   .          Reflect  .   (no amulet)
rElec   .          Harm     .   (no ring)
rCorr   .          Rampage  .   (no ring)
Will    .....                   (no ring)
Stlth   +++.......              (no ring)
HPRegen 0.05/turn               (no ring)
MPRegen 0.09/turn               (no ring)
                                (no ring)
                                (no ring)

@: flying
A: almost no armour, amphibious, 8 rings, camouflage 1, gelatinous body 1,
(nimble swimmer 1), tentacles
a: no special abilities


You were on level 1 of the Dungeon.
You visited 1 branch of the dungeon, and saw 1 of its levels.

You collected 51 gold pieces.

Inventory:

Hand Weapons
 g - a +0 short sword (weapon)
Magical Staves
 j - a staff of fire
Scrolls
 e - a scroll of noise {unknown}
Potions
 a - a potion of magic
 b - a potion of berserk rage {unknown}
 c - a potion of heal wounds {unknown}
 d - a potion of ambrosia {unknown}
 h - a potion of degeneration
 i - a potion of attraction {unknown}


   Skills:
 - Level 2.0 Dodging
 - Level 2.6 Stealth
 - Level 2.0 Spellcasting
 * Level 1.8 Transmutations
 * Level 3.4 Earth Magic


You had 4 spell levels left.
You knew the following spells:

 Your Spells              Type           Power      Damage    Failure   Level
a - Sandblast             Erth           24%        2d8       4%          1

Your spell library contained the following spells:

 Spells                   Type           Power      Damage    Failure   Level
 Passwall                 Tmut/Erth      7%         N/A       11%         2
 Blink                    Tloc           2%         N/A       30%         2
 Stone Arrow              Conj/Erth      14%        3d7       30%         3
 Petrify                  Tmut/Erth      9%         N/A       56%         4
 Manifold Assault         Tloc           1%         N/A       99%         5
 Storm Form               Tmut/Air       2%         N/A       100%        7


Dungeon Overview and Level Annotations

Branches:
Dungeon (1/15)

Altars:


Innate Abilities, Weirdness & Mutations

You cannot wear most types of armour.
You are amphibious.
You can wear up to eight rings at the same time.
Your skin changes colour to match your surroundings (Stealth+).
Your rubbery body absorbs attacks. (AC +1, EV +1)
((You are camouflaged when in or above water. (Stealth+)))
You have tentacles for arms and can constrict up to eight enemies at once.


Message History

The jackal barks! x3
You miscast Sandblast.
You are very lightly contaminated with residual magic.
Nothing appears to happen.
The jackal barks!
There are monsters nearby!
The jackal barely misses you.
A rat comes into view.
There are monsters nearby!
The blast of sand hits the jackal.
You kill the jackal!
The jackal bites you. The jackal bites you. The jackal misses you.
The jackal attacks as you move away! The jackal barely misses you.
The jackal attacks as you move away! The jackal closely misses you. x2
The jackal attacks as you move away! The jackal bites you.
The jackal attacks as you move away! The jackal barely misses you.
The jackal attacks as you move away!
The jackal bites you but does no damage.
Your magical contamination has completely faded away.
The blast of sand hits the jackal!
You kill the jackal!
The jackal closely misses you. The jackal bites you.
The jackal barely misses you.
The blast of sand hits the jackal but does no damage.
The jackal barely misses you. The jackal completely misses you.
The jackal bites you. x2
* * * LOW HITPOINT WARNING * * *
Okay, then.
It was a potion of degeneration.
There was something very wrong with that liquid.
You feel weakened.
You feel dopey.
You feel clumsy. The jackal misses you. The jackal closely misses you.
The jackal bites you.
* * * LOW HITPOINT WARNING * * *
It was a potion of flight.
You feel very buoyant.
You fly up into the air.
The jackal bites you.
* * * LOW HITPOINT WARNING * * *
The jackal bites you.
You die...

...####### ###.#.#
.$.......### #.#)#
...........# #.#.#
...r..†..#.# #.#.#
.........#.#######.#.#
..#####.....#........#
# #hrh.###.####..#
..#.######h###
#.#.....#
#........h@h.#
#.#.#...#
#............#
#.#.#...#
#.##.#.......#
#.#.#.### ..
######..###.....# #
#.....##.###
###.#.##.# #...##.#
#...#..# #..##.##


You could see 5 jackals and a rat.

Vanquished Creatures
  A ball python (D:1)
  An endoplasm (D:1)
  A giant cockroach (D:1)
  A hobgoblin (D:1)
  2 jackals (D:1)
  2 kobolds (D:1)
  A quokka (D:1)
  2 bats (D:1)
  A rat (D:1)
12 creatures vanquished.

Notes
Turn   | Place    | Note
-------+----------+-------------------------------------------
     0 | D:1      | Atelerd the Octopode Earth Elementalist began the quest for
                  | the Orb.
     0 | D:1      | Reached XP level 1. HP: 11/11 MP: 3/3
   320 | D:1      | Reached XP level 2. HP: 17/17 MP: 3/5
   510 | D:1      | Slain by a jackal

Illustrated notes

Levels and vault maps discovered:
D:1:      onia_arrival_mini_maze, layout_basic

Action                   || total
-------------------------++-------
Melee: Unarmed           ||     3
       Constrict         ||     3
       Tentacles         ||     2
       Short sword       ||     4
 Cast: Sandblast         ||    12
  Use: Potion            ||     2
Armor: Skin              ||     1
Dodge: Dodged            ||    21
